 Dungeon Crawl Stone Soup version 0.29.1-15-g9cfb28693d (webtiles) character file.

Game seed: 2439045912884222615

46 virigoth the Cudgeller (level 3, 0/27 HPs)
             Began as a Demonspawn Gladiator on Mar 19, 2023.
             Slain by a goblin
             ... wielding a +0 club
             ... led by Robin
              (2 damage)
             ... on level 3 of the Dungeon.
             The game lasted 00:03:00 (1520 turns).

virigoth the Cudgeller (Demonspawn Gladiator)       Turns: 1520, Time: 00:03:00

Health: 0/27       AC:  5    Str: 16    XL:     3   Next: 46%
Magic:  3/3        EV: 12    Int:  9    God:
Gold:   84         SH:  0    Dex: 14    Spells: 2/2 levels left

rFire   . . .      SeeInvis .   a - +1 flail
rCold   . . .      Faith    .   (no shield)
rNeg    . . .      Spirit   .   b - +0 leather armour
rPois   .          Reflect  .   c - +1 helmet
rElec   .          Harm     .   (no cloak)
rCorr   .          Rampage  .   (no gloves)
Will    .....                   (no boots)
Stlth   +.........              (no amulet)
HPRegen 0.09/turn               (no ring)
MPRegen 0.08/turn               (no ring)

@: hasted, quick
A: powered by pain 1
a: no special abilities


You were on level 3 of the Dungeon.
You visited 1 branch of the dungeon, and saw 3 of its levels.

You collected 84 gold pieces.

Inventory:

Hand Weapons
 a - a +1 flail (weapon)
Missiles
 d - 3 throwing nets (quivered)
 e - a javelin
Armour
 b - a +0 leather armour (worn)
 c - a +1 helmet (worn)
Scrolls
 f - a scroll of teleportation {unknown}
 h - a scroll of magic mapping {unknown}
 i - a scroll of identify {unknown}
Potions
 j - a potion of curing {unknown}


   Skills:
 - Level 2.0 Fighting
 + Level 4.1 Maces & Flails
 - Level 1.8 Throwing
 - Level 2.7 Dodging


You had 2 spell levels left.
You didn't know any spells.
Your spell library was empty.

Dungeon Overview and Level Annotations

Branches:
Dungeon (3/15)

Altars:

Annotations:
D:3 Robin


Innate Abilities, Weirdness & Mutations

You sometimes gain a little power by taking damage.


Message History

You closely miss the hobgoblin.
The goblin shouts!
A goblin comes into view. It is wielding a +0 club.
The goblin hits you but does no damage. The hobgoblin hits you.
* * * LOW HITPOINT WARNING * * *
Robin roars a battlecry!
The hobgoblin goes into a battle-frenzy!
You hear a shout!
The goblin shouts!
You hit the hobgoblin.
You kill the hobgoblin!
The goblin barely misses you.
A goblin comes into view. It is wielding a +0 club.
The goblin hits you with a +0 dagger.
* * * LOW HITPOINT WARNING * * *
You thump the quokka!
You kill the quokka!
Robin roars a battlecry!
You thump the goblin!
You kill the goblin!
The goblin hits you but does no damage. The goblin barely misses you.
There is an open door here.
Things that are here:
a +0 dagger; a quokka corpse The goblin attacks as you move away!
The goblin barely misses you.
You enter the shallow water.
Moving in this stuff is going to be slow.
You hear the slow rusting of a drain very nearby.
The quokka bites you.
* * * LOW HITPOINT WARNING * * *
The goblin attacks as you move away! The goblin hits you with a +0 club.
* * * LOW HITPOINT WARNING * * *
The quokka barely misses you. x2
It was a potion of haste.
You feel yourself speed up. The quokka closely misses you.
Robin throws the goblin at you! The goblin misses you.
The hobgoblin no longer looks unusually strong.
The goblin hits you with a +0 club.
You die...

## ####. ....## #.
####..## #.# ###~g##).#
# #.# +~~~6rg#.# #.##.#
+~~~~g~#g# . ...#
###~~##gg# #.
#.###.####gg##
.####.##..........##
......#..........g#
.................g....
................#....g.
#######.##.#.##.#.#####


You could see a quokka, a hobgoblin and 4 goblins.

Vanquished Creatures
  A river rat (D:3)
  2 ball pythons (D:1)
  4 bats
  2 endoplasms
  6 goblins
  6 hobgoblins
  4 kobolds
  3 quokkas
  2 frilled lizards
  4 rats
34 creatures vanquished.

Notes
Turn   | Place    | Note
-------+----------+-------------------------------------------
     0 | D:1      | virigoth the Demonspawn Gladiator began the quest for the
                  | Orb.
     0 | D:1      | Reached XP level 1. HP: 16/16 MP: 1/1
   137 | D:1      | Reached skill level 3 in Maces & Flails
   192 | D:1      | Gained mutation: You sometimes gain a little power by
                  | taking damage. [demonic ancestry]
   192 | D:1      | Reached XP level 2. HP: 3/22 MP: 2/2
  1447 | D:2      | Reached XP level 3. HP: 24/27 MP: 3/3
  1506 | D:3      | Noticed Robin
  1507 | D:3      | Reached skill level 4 in Maces & Flails
  1518 | D:3      | HP: 1/27 [goblin/+0 club[Robin] (2)]
  1520 | D:3      | Slain by a goblin

Illustrated notes

Levels and vault maps discovered:
D:1:      scummos_arrival_gate, layout_basic, minmay_misc_feat_cross
D:2:      layout_loops_ring, st_stairs_5
D:3:      layout_basic, hellmonk_ecumenical_altar_heavens_door,
          gup_sewer_entry_bowl, uniq_robin

Skill      XL: |  1  2  3 |
---------------+----------+-----
Maces & Flails | 3 4 |  4.1
Fighting       | |  2.0
Throwing       | |  1.8
Dodging        | |  2.7

Action                   || total
-------------------------++-------
Melee: Flail             ||   104
  Use: Scroll            ||     3
       Potion            ||     2
 Stab: Sleeping          ||     1
Armor: Leather armour    ||    45
Dodge: Dodged            ||    72
